AoeStats
← 五花馬肉乾妹妹

Lombardia

507520783Analyzed
4v4 RM · 12d ago on Sep 18, 2026· 29m 11s· 8 players
Game mode
Random Map
Map size
Large (8 player)
Population
200
Speed
Normal
Resources
Standard
Victory
Conquest
Starting age
Dark Age
Ending age
Imperial Age
RankedLock teamsTeams togetherTeam positionsShared explorationLock speedFull tech treeHidden civsTurbo modeCheats
Victory
Defeat
🇻🇳 Persians · Vietnam
1495
+15
🇦🇷 Spanish · Argentina
1430
+18
🇻🇳 Maya · Vietnam
1410
+18
🇹🇼 Mongols · Taiwan
1383
+20
🇨🇳 Vietnamese · China
1537
-21
🇨🇳 Romans · China
1457
-17
🇨🇴 Spanish · Colombia
1443
-17
🇭🇰 Teutons · Hong Kong SAR China
1423
-16
Ố Là La
gjizhijian6866
10:09 Feudal Age
11:33 Loom
14:49 Castle Age
13:30 Double-Bit Axe
15:36 Gold Mining
21:30 Padded Archer Armor
25:02 Husbandry
25:50 Sanctity
25:41 Fervor
26:09 Bloodlines
29:01 Ballistics
TạNgànCân
0:27 Loom
五花馬肉乾妹妹
拿捏木村
seabed
小鸡
MZTK | KaLiuM
3:28 Loom
9:54 Feudal Age
10:27 Double-Bit Axe
13:06 Bloodlines
13:28 Town Watch
17:48 Castle Age
16:51 Scale Barding Armor
16:49 Horse Collar
21:53 Chain Barding Armor
24:11 Husbandry
27:04 Wheelbarrow
28:24 Bow Saw
Connection lost

Rejoining the realm…

Still unreachable

The connection could not be restored.

Session expired

The server has moved on; the page needs a fresh start.